 Dungeon Crawl Stone Soup version 0.30-a0-634-g8abc85282e (webtiles) character file.

Game seed: 9879510418797723755

18480 Laraso the Timeless (level 12, -3/86 HPs)
             Began as a Djinni Hedge Wizard on Jan 15, 2023.
             Was a High Priest of Cheibriados.
             Slain by an eight-headed hydra (11 damage)
             ... on level 4 of the Lair of Beasts.
             The game lasted 00:24:51 (13543 turns).

Laraso the Timeless (Djinni Hedge Wizard)          Turns: 13543, Time: 00:24:51

Health: -3/86      AC: 13    Str: 22    XL:     12   Next: 95%
Gold:   627        EV: 19    Int: 35    God:    Cheibriados [*****.] SH:  0 Dex: 25

rFire   + + .      SeeInvis .    a - +2 dagger (venom)
rCold   x . .      Faith    .    (no shield)
rNeg    . . .      Spirit   .    m - +0 troll leather armour
rPois   ∞          Reflect  .    p - +2 helmet
rElec   .          Harm     .    x - +0 cloak
rCorr   .          Rampage  .    (no gloves)
Will    +....                    (boots unavailable)
Stlth   ++                       (no amulet)
HPRegen 1.14/turn                k - +4 ring of slaying
MPRegen 0.00/turn                d - +4 ring of protection

@: flying, very slow
A: sickness immunity, fire resistance 2, cold vulnerability 1, float, innate
caster, HP casting, extra vitality 1
a: Renounce Religion, Bend Time, Temporal Distortion, Slouch, Step From Time


You were on level 4 of the Lair of Beasts.
You worshipped Cheibriados.
Cheibriados was extremely pleased with you.
You visited 3 branches of the dungeon, and saw 14 of its levels.
You also visited: Sewer.

You collected 627 gold pieces.

Inventory:

Hand Weapons
 a - a +2 dagger of venom (weapon)
 b - a +6 sling of freezing
 c - a +3 dagger of freezing
 A - a +1 eveningstar
Missiles
 s - a throwing net
Armour
 m - a +0 troll leather armour (worn)
 p - a +2 helmet (worn)
 x - a +0 cloak (worn)
 y - a +1 leather armour of positive energy
Jewellery
 d - a +4 ring of protection (right hand)
 k - a +4 ring of slaying (left hand)
 B - a ring of see invisible
Wands
 f - a wand of iceblast (8)
 q - a wand of polymorph (10)
 r - a wand of quicksilver (7)
 v - a wand of charming (1)
Scrolls
 j - 3 scrolls of enchant armour
 n - 2 scrolls of teleportation
 t - 2 scrolls of fog
 w - 3 scrolls of magic mapping
 C - a scroll of enchant weapon
Potions
 e - 2 potions of attraction
 g - 4 potions of brilliance
 h - 5 potions of curing
 i - 5 potions of heal wounds
 l - a potion of ambrosia
 o - a potion of might
 u - a potion of resistance {unknown}
 z - a potion of lignification {unknown}


   Skills:
 - Level 8.0 Fighting
 - Level 4.0 Armour
 - Level 9.0 Dodging
 - Level 1.5 Stealth
 * Level 9.3 Spellcasting
 - Level 12.0 Invocations


You had 4 spell levels left.
You knew the following spells:

 Your Spells              Type           Power      Damage    Failure   Level
a - Magic Dart            Conj           100%       1d8       1%          1
b - Slow                  Hex            100%       N/A       1%          1
c - Blink                 Tloc           100%       N/A       1%          2
d - Call Imp              Summ           70%        N/A       1%          2
e - Cigotuvi's Dreadful   Necr/Pois/Air  100%       N/A       1%          2
f - Mephitic Cloud        Conj/Pois/Air  70%        N/A       1%          3
g - Sandblast             Erth           100%       2d20      1%          1
h - Wereblood             Tmut           70%        N/A       1%          2
i - Frozen Ramparts       Ice            100%       1d16      1%          3
q - Sticky Flame          Conj/Fire      70%        2d8       1%          4
w - Summon Lightning Spi  Summ/Air       70%        N/A       1%          4
Your spell library was empty.

Dungeon Overview and Level Annotations

Branches:
Dungeon (9/15)             Temple (1/1) D:4            Lair (4/5) D:9
 Shoals (0/4) Lair:2        Snake (0/4) Lair:2        Sewer (visited)
  Slime: Lair:4-5       Orc: D:9-12

Altars:
Ashenzari
Cheibriados
Dithmenos
Elyvilon
Fedhas
Gozag
Hepliaklqana
Makhleb
Okawaru
Qazlal
Ru
Trog
Uskayaw
Wu Jian
Xom
Yredelemnul
Zin
The Shining One

Shops:
D:2 (

Annotations:
D:4 2 transporters, Darkkill's ghost, amateur MiHu


Innate Abilities, Weirdness & Mutations

You are immune to sickness and miasma.
You are immune to poison.
Your flesh is very heat resistant. (rF++)
You are vulnerable to cold. (rC-)
You float through the air rather than walking.
You learn spells naturally, not from books.
Your magical power is your life essence.
You have superior vitality. (+4 MHP)


Message History

Your frozen ramparts will break if you move.
Continue? [Y]es or [N]o only, please.
Your frozen ramparts will break if you move.
Continue? [Y]es or [N]o only, please.
Your frozen ramparts will break if you move.
Continue?
You blink.
The frozen ramparts melt away as you move.
Casting: Blink (safe; 1% risk of failure)
Confirm with . or Enter, or press ? or * to list all spells.
You don't know that spell.
Casting: Blink (safe; 1% risk of failure)
Confirm with . or Enter, or press ? or * to list all spells.
An electric hum fills the air.
Casting: Summon Lightning Spire (mildly dangerous; 1% risk of failure)
Confirm with . or Enter, or press ? or * to list all spells.
Aiming: Sandblast (safe; 1% risk of failure)
Press: ? - help, Shift-Dir - straight line, f - eight-headed hydra
Aim: an eight-headed hydra (lightly wounded, ally target, 95% to hit)
The blast of sand hits the eight-headed hydra.
The eight-headed hydra is moderately wounded.
Your lightning spire shoots out a bolt of lightning at the eight-headed hydra!
The bolt of electricity hits the eight-headed hydra!!
The bolt of electricity hits the plant!
The plant begins to die.
The bolt of electricity hits the plant.
Unknown command.
Casting: Sandblast (safe; 1% risk of failure)
Confirm with . or Enter, or press ? or * to list all spells.
Aiming: Sandblast (safe; 1% risk of failure)
Press: ? - help, Shift-Dir - straight line, f/p - eight-headed hydra
Aim: an eight-headed hydra (heavily wounded, not watching you, ally target, 95% to hit)
The blast of sand hits the eight-headed hydra!!
The eight-headed hydra is almost dead.
The eight-headed hydra bites you. x2; The eight-headed hydra bites you!
* * * LOW HITPOINT WARNING * * *
The eight-headed hydra bites you!
* * * LOW HITPOINT WARNING * * *
The eight-headed hydra completely misses you.
The eight-headed hydra barely misses you.
The eight-headed hydra bites you!
You die...

##.. .. #..#####.P
..# ###.P##PP.##
...##.#††##..P.#
....#..........# #
..............#.#
#..#..........
###..†8.D..## .... ##
#....@..P# ...####
#.##.......##
.....#..##.........#
...................#
....####.#.P.........
...## # ###........##
....# ##.......##
..<.# ###.......^#
....#####.#........#


You could see an eight-headed hydra (ally target) and a friendly lightning spire
(summoned).

Vanquished Creatures
  A hydra (Lair:3)
  An elephant (Lair:1)
  3 merfolk sirens (Lair:2)
  2 black mambas
  4 cane toads
  Joseph (D:7)
  A kobold demonologist (D:9)
  2 komodo dragons (Lair:2)
  2 trolls (D:9)
  A polar bear (Lair:2)
  A hornet (D:9)
  7 dream sheep (Lair:3)
  5 blink frogs
  9 yaks
  5 wyverns
  A basilisk (Lair:1)
  2 steam dragons
  2 nagas (Lair:2)
  An acid dragon (D:8)
  A black bear (D:8)
  3 sky beasts
  An orc warrior (D:7)
  13 wolves
  3 ogres
  A centaur (D:7)
  2 phantoms
  Blork the orc (D:5)
  7 bullfrogs
  6 kobold brigands
  A gnoll sergeant (D:9)
  A necrophage (D:4)
  Dowan (D:7)
  4 hounds
  2 jellies (D:3)
  2 orc priests
  Crazy Yiuf (D:6)
  An iguana (D:4)
  Natasha (twice) (D:3)
  4 orc wizards
  5 hell rats (Lair:2)
  6 adders
  6 gnolls
  2 river rats (Sewer)
  A shadow imp (D:7)
  3 white imps
  An ufetubus (D:4)
  3 worms
  2 dart slugs
  39 orcs
  6 bats
  12 endoplasms
  4 giant cockroaches
  7 goblins
  14 hobgoblins
  6 jackals
  24 kobolds
  5 quokkas
  11 ball pythons
  6 frilled lizards
  A goblin skeleton (D:5)
  3 goblin zombies (D:5)
  A hobgoblin zombie (D:5)
  2 kobold skeletons (D:5)
  An orc skeleton (D:5)
  An orc zombie (D:5)
  10 rats
290 creatures vanquished.

Vanquished Creatures (collateral kills)
  A black mamba (Lair:4)
  3 elephants (Lair:1)
  A kobold demonologist (D:9)
  A komodo dragon (Lair:4)
  A merfolk (Lair:2)
  A blink frog (Lair:2)
  A wraith (D:9)
  5 yaks
  A steam dragon (D:7)
  A naga (Lair:2)
  A water moccasin (Lair:1)
  Duvessa (D:7)
  3 wolves (Lair:1)
  A phantom (D:6)
  A howler monkey (D:6)
  A hound (D:6)
  A jelly (D:6)
  2 orc wizards
  10 orcs
  2 endoplasms (D:3)
39 creatures vanquished.

Vanquished Creatures (others)
  18 fungi
  26 plants
  7 toadstools (D:3)
51 creatures vanquished.

Grand Total: 380 creatures vanquished

Notes
Turn   | Place    | Note
-------+----------+-------------------------------------------
     0 | D:1      | Laraso the Djinni Hedge Wizard began the quest for the Orb.
     0 | D:1      | Laraso set off with the following spells memorised: Magic
                  | Dart, Slow, Blink, Call Imp, Cigotuvi's Dreadful Rot,
                  | Mephitic Cloud.
     0 | D:1      | Reached XP level 1. HP: 15/15 MP: 0/0
   295 | D:1      | Reached XP level 2. HP: 19/21 MP: 0/0
   488 | D:1      | Reached XP level 3. HP: 23/25 MP: 0/0
   488 | D:1      | Learned a level 1 spell: Sandblast
   729 | D:1      | You are sucked into a shaft and drop 1 floor!
   924 | D:2      | Found Kuasch's Antique Weapon Boutique.
   983 | D:2      | Reached XP level 4. HP: 30/31 MP: 0/0
  1406 | D:2      | Found a faded altar of an unknown god.
  1729 | D:2      | Reached skill level 1 in Fighting
  1729 | D:2      | Reached XP level 5. HP: 24/37 MP: 0/0
  1729 | D:2      | Learned a level 2 spell: Wereblood
  2422 | D:3      | Reached XP level 6. HP: 38/43 MP: 0/0
  2918 | D:3      | Noticed Natasha
  2921 | D:3      | Killed Natasha
  2922 | D:3      | Reached skill level 5 in Spellcasting
  3045 | D:3      | Noticed Natasha
  3051 | D:3      | Killed Natasha
  3158 | D:4      | Found a staircase to the Ecumenical Temple.
  3179 | D:4      | Found an opulent altar of Gozag.
  3191 | Temple   | Entered the Ecumenical Temple
  3371 | Temple   | Became a worshipper of Cheibriados the Contemplative
  3574 | D:4      | Reached XP level 7. HP: 44/49 MP: 0/0
  3574 | D:4      | Learned a level 3 spell: Frozen Ramparts
  3646 | D:4      | Found a transporter.
  3816 | D:4      | Found a transporter.
  3828 | D:4      | Noticed Darkkill's ghost (amateur MiHu)
  3989 | D:4      | Reached * piety under Cheibriados
  4549 | D:5      | Entered Level 5 of the Dungeon
  4572 | D:5      | Reached XP level 8. HP: 50/54 MP: 0/0
  4662 | D:5      | Found a glowing golden altar of the Shining One.
  4830 | D:5      | Noticed Blork the orc
  4842 | D:5      | Killed Blork the orc
  5153 | D:5      | Reached ** piety under Cheibriados
  5637 | D:5      | Reached skill level 5 in Fighting
  5844 | D:6      | Found a glowing drain.
  5865 | Sewer    | Entered a sewer
  5915 | Sewer    | Reached skill level 1 in Invocations
  6259 | Sewer    | Reached skill level 2 in Invocations
  6412 | D:6      | Reached *** piety under Cheibriados
  6484 | D:6      | Reached XP level 9. HP: 52/65 MP: 0/0
  6484 | D:6      | Learned a level 4 spell: Summon Lightning Spire
  6603 | D:6      | Found a hazy altar of Hepliaklqana.
  6616 | D:6      | HP: 3/65 [acid (9)]
  7007 | D:6      | Reached skill level 3 in Invocations
  7076 | D:6      | Found a shimmering altar of Xom.
  7103 | D:6      | Found a basalt altar of Yredelemnul.
  7303 | D:6      | Found a runed translucent door.
  7304 | D:6      | Noticed Crazy Yiuf
  7514 | D:6      | Killed Crazy Yiuf
  7515 | D:6      | Reached skill level 4 in Invocations
  7863 | D:7      | Reached skill level 5 in Invocations
  8161 | D:7      | Reached skill level 6 in Invocations
  8162 | D:7      | Reached **** piety under Cheibriados
  8201 | D:7      | Noticed Duvessa
  8201 | D:7      | Noticed Dowan
  8206 | D:7      | Killed Duvessa
  8210 | D:7      | Killed Dowan
  8231 | D:7      | Reached skill level 7 in Invocations
  8344 | D:7      | Found a blossoming altar of Fedhas.
  8429 | D:7      | Noticed Joseph
  8437 | D:7      | Killed Joseph
  8438 | D:7      | Reached XP level 10. HP: 32/70 MP: 0/0
  8675 | D:7      | Found an ornate altar of the Wu Jian Council.
  9072 | D:8      | Reached skill level 8 in Invocations
  9244 | D:8      | Reached skill level 9 in Invocations
  9965 | D:9      | Reached skill level 10 in Invocations
 10183 | D:9      | Reached ***** piety under Cheibriados
 10347 | D:9      | Found a broken altar of Ashenzari.
 10364 | D:9      | Noticed a kobold demonologist
 10369 | D:9      | Noticed a kobold demonologist
 10377 | D:9      | Killed a kobold demonologist
 10378 | D:9      | Reached skill level 11 in Invocations
 10393 | D:9      | Noticed a rust devil
 10394 | D:9      | Noticed a smoke demon
 10394 | D:9      | Killed a kobold demonologist
 10520 | D:9      | Found an iron altar of Okawaru.
 10688 | D:9      | Found a staircase to the Lair.
 10744 | Lair:1   | Entered Level 1 of the Lair of Beasts
 10869 | Lair:1   | Reached XP level 11. HP: 68/75 MP: 0/0
 10869 | Lair:1   | Learned a level 4 spell: Sticky Flame
 10877 | Lair:1   | Reached skill level 12 in Invocations
 10881 | Lair:1   | Noticed an elephant
 10889 | Lair:1   | Noticed an elephant
 10889 | Lair:1   | Killed an elephant
 10890 | Lair:1   | Reached skill level 5 in Dodging
 10890 | Lair:1   | Noticed an elephant
 10897 | Lair:1   | Noticed an elephant
 10898 | Lair:1   | Killed an elephant
 10917 | Lair:1   | Killed an elephant
 10923 | Lair:1   | Killed an elephant
 11777 | Lair:2   | Noticed a merfolk siren
 11785 | Lair:2   | Killed a merfolk siren
 11787 | Lair:2   | Noticed a merfolk siren
 11799 | Lair:2   | Killed a merfolk siren
 11821 | Lair:2   | Found a staircase to the Shoals.
 11833 | Lair:2   | Noticed a merfolk siren
 11844 | Lair:2   | Killed a merfolk siren
 11851 | Lair:2   | Reached XP level 12. HP: 54/85 MP: 0/0
 11861 | Lair:2   | Reached skill level 1 in Armour
 11941 | Lair:2   | Found a staircase to the Snake Pit.
 12718 | Lair:3   | Noticed a five-headed hydra
 12726 | Lair:3   | Killed a five-headed hydra
 13533 | Lair:4   | Noticed an eight-headed hydra
 13543 | Lair:4   | Slain by an eight-headed hydra

Illustrated notes

Levels and vault maps discovered:
D:1:      erik_arrival_triangle_medium, layout_rooms
D:2:      layout_basic, serial_shops, nicolae_shop_advertising_works
          [nicolae_subvault_shop_adworks], shapermc_ecumenical_altar_notcrosses
D:3:      cheibrodos_fertilizer, layout_basic, solitary_fountain,
          skrybe_limestone_x, uniq_natasha
D:4:      layout_layer_cave, grunt_gozag_statues,
          minmay_temple_entry_purple_smoke, gammafunk_ghost_mausoleum,
          kennysheep_small_square
D:5:      layout_loops_corners, nicolae_tso_besieged_by_evil,
          minmay_misc_feat_x, uniq_blork_the_orc
D:6:      layout_cave_pods, nicolae_hepliaklqana_hazy_memory,
          mainiacjoe_overflow_two_lobes, cheibrodos_sewer_entry_bend,
          uniq_crazy_yiuf_cottage
D:7:      layout_gridville, fedhas_bush_and_centaur_altar,
          nicolae_wu_jian_immortal_techniques, serial_glass, glass_columns_c,
          glass_columns_a, hangedman_abyss_or_decor_passed, uniq_duvessa,
          uniq_joseph
D:8:      nicolae_hitomezashi [nicolae_hito_row, nicolae_hito_row,
          nicolae_hito_row, nicolae_hito_row, nicolae_hito_row,
          nicolae_hito_row, nicolae_hito_row, nicolae_hito_row,
          nicolae_hito_row, nicolae_hito_row, nicolae_hito_row,
          nicolae_hito_row, nicolae_hito_row, nicolae_hito_row,
          nicolae_hito_row, nicolae_hito_row, nicolae_hito_row,
          nicolae_hito_row], layout_gridville
D:9:      layout_rooms, mainiacjoe_overflow_catch_the_wave, dpeg_oklobed_lair,
          st_stairs_4, minmay_fractal_squares_gapless_5
Temple:   minmay_temple_bridge_abc
Lair:1:   layout_cave_pods
Lair:2:   layout_long_grid, elwin_shoals_entry_stream,
          minmay_snake_entry_guardpost_small
Lair:3:   layout_cave_pods
Lair:4:   layout_small_grid, hangedman_tree_tricks

Skill      XL: |  1  2  3  4  5  6  7  8  9 10 11 12 |
---------------+-------------------------------------+-----
Spellcasting   | 3 4 5 6 7 9 |  9.3
Fighting       | 1 2 5 7 8 |  8.0
Dodging        | 3 4 9 |  9.0
Invocations    | 2 7 11 12 | 12.0
Armour         | 4 |  4.0
Stealth        | |  1.5

Action                   |  1- 3 |  4- 6 |  7- 9 | 10-12 || total
-------------------------+-------+-------+-------+-------++-------
Melee: Dagger            |     3 |     2 |   273 |   258 ||   536
       Hand axe          |       |    23 |       |       ||    23
       Spear             |       |    22 |       |       ||    22
       Punch             |       |       |     4 |     6 ||    10
 Cast: Magic Dart        |    74 |    70 |    35 |     7 ||   186
       Sandblast         |     8 |    42 |     6 |     6 ||    62
       Mephitic Cloud    |       |     5 |    16 |    33 ||    54
       Call Imp          |       |     2 |     3 |       ||     5
       Blink             |       |     2 |     3 |     6 ||    11
       Frozen Ramparts   |       |       |     6 |     2 ||     8
       Wereblood         |       |       |     1 |       ||     1
       Summon Lightning  |       |       |    11 |    18 ||    29
       Sticky Flame      |       |       |       |     2 ||     2
Invok: Slouch            |       |       |       |     3 ||     3
  Use: Scroll            |     3 |     6 |     7 |     7 ||    23
 Stab: Confused          |       |     1 |     6 |    30 ||    37
       Sleeping          |       |       |     3 |       ||     3
       Distracted        |       |       |     1 |     4 ||     5
Armor: Robe              |     1 |    15 |    46 |       ||    62
       Leather armour    |       |       |     2 |    17 ||    19
       Troll leather arm |       |       |       |    74 ||    74
Dodge: Dodged            |     4 |    55 |   196 |   282 ||   537

Table legend: (Time is in decaauts)
 A = Elapsed time spent in this place.
 B = Non-inter-level travel time spent in this place.
 C = Inter-level travel time spent in this place.
 D = Time resting spent in this place.
 E = Time spent auto-exploring this place.
 F = Levels seen in this place.
 G = Mean time per level.
                   A        B        C        D        E       F      G
               +--------+--------+--------+--------+--------+-----+--------+
         Total |  18197 |  17415 |    782 |   1832 |  13120 |  15 | 1213.1 |
       Dungeon |  12419 |  11895 |    524 |   1583 |   8594 |   9 | 1379.9 |
        Temple |    207 |    181 |     26 |      0 |    100 |   1 |  207.0 |
          Lair |   4817 |   4586 |    231 |    248 |   3819 |   4 | 1204.2 |
         Sewer |    753 |    753 |      0 |      0 |    606 |   1 |  753.0 |
               +--------+--------+--------+--------+--------+-----+--------+

Top non-repeatable levels by time:
     D:6: 1862 daAuts
     D:7: 1837 daAuts
  Lair:3: 1683 daAuts
  Lair:2: 1595 daAuts
     D:5: 1540 daAuts
     D:4: 1518 daAuts
  Lair:1: 1472 daAuts
     D:3: 1332 daAuts
     D:8: 1267 daAuts
     D:9: 1192 daAuts
     D:2: 1057 daAuts
     D:1: 810 daAuts
   Sewer: 753 daAuts
  Temple: 207 daAuts
  Lair:4: 66 daAuts
